General information
- name: BNet
- type: Ladder team game (AT/RT)
- host: Battle.net
- saver: RicFlair
map: GolemsInTheMist
- players: 8
- length: 34:15
- speed: Fast
- version: 1.26 W3XP
- replay type: Public
» download(220 KB)
Players
team 1 (winner)
SWEATYBUMJUICE (
orange | 31 APM | 1050 actions | 34:12)
7 Blood Mage
3 Flame Strike
1 Siphon Mana
2 Banish
1 Summon Phoenix
» actions
| Basic commands | 2 | |
| Build / train | 98 | |
| Enter build submenu | 43 | |
| Enter hero's abilities submenu | 7 | |
| Give item / drop item | 1 | |
| Remove unit from queue | 7 | |
| Right click | 280 | |
| Select / deselect | 499 | |
| Use ability | 113 | |
1050 total
» units
| Peasant | 21 | |
| Footman | 4 | |
| Flying Machine | 5 | |
| Mortar Team | 6 | |
| Siege Engine | 2 | |
38 total
» upgrades
| Lumber Harvesting | 2 | |
| Gunpowder | 3 | |
| Fragmentation Shards | 1 | |
| Flak Cannons | 1 | |
| Flare | 1 | |
| Barrage | 1 | |
| Plating | 3 | |
| Masonry | 3 | |
| Armor | 3 | |
| Flying Machine Bombs | 1 | |
19 total
» buildings
| Altar of Kings | 1 | |
| Farm | 11 | |
| Barracks | 1 | |
| Scout Tower | 15 | |
| Lumber Mill | 1 | |
| Arcane Tower | 1 | |
| Guard Tower | 8 | |
| Keep | 1 | |
| Town Hall | 5 | |
| Arcane Vault | 1 | |
| Blacksmith | 1 | |
| Castle | 1 | |
| Workshop | 4 | |
| Cannon Tower | 3 | |
54 total
» build order
00:23 Altar of Kings
00:42 Farm
00:53 Barracks
01:00 Farm
01:38 Scout Tower
01:45 Lumber Mill
01:57 Farm
02:16 Arcane Tower
02:37 Farm
02:41 Scout Tower
02:44 Scout Tower
03:08 Farm
03:14 Guard Tower
03:44 Guard Tower
04:04 Farm
04:20 Keep
05:08 Town Hall
05:23 Arcane Vault
05:49 Blacksmith
06:59 Castle
07:51 Workshop
08:29 Workshop
08:32 Workshop
09:34 Farm
10:31 Farm
11:16 Farm
12:39 Farm
13:55 Farm
15:18 Workshop
15:23 Scout Tower
16:14 Guard Tower
16:16 Scout Tower
16:47 Guard Tower
16:49 Scout Tower
17:18 Guard Tower
17:20 Scout Tower
18:09 Guard Tower
18:14 Scout Tower
19:18 Cannon Tower
19:20 Scout Tower
19:53 Cannon Tower
19:55 Scout Tower
21:01 Cannon Tower
21:05 Scout Tower
21:08 Scout Tower
21:11 Scout Tower
21:47 Guard Tower
23:31 Scout Tower
23:34 Scout Tower
26:57 Guard Tower
28:25 Town Hall
28:34 Town Hall
29:20 Town Hall
32:13 Town Hall
» items
| Scroll of Town Portal | 4 | |
| Potion of Healing | 3 | |
| Lesser Clarity Potion | 2 | |
| Scroll of Regeneration | 2 | |
11 total
RicFlair (
pink | 51 APM | 1753 actions | 34:15)
8 Blood Mage
3 Flame Strike
2 Siphon Mana
1 Summon Phoenix
2 Banish
» actions
| Assign group hotkey | 77 | |
| Basic commands | 101 | |
| Build / train | 88 | |
| Enter build submenu | 56 | |
| Enter hero's abilities submenu | 8 | |
| Give item / drop item | 1 | |
| Remove unit from queue | 1 | |
| Right click | 729 | |
| Select / deselect | 362 | |
| Select group hotkey | 186 | |
| Use ability | 143 | |
1753 total
» units
| Peasant | 24 | |
| Footman | 4 | |
| Goblin Shredder | 1 | |
| Gryphon Rider | 5 | |
34 total
» upgrades
| Masonry | 2 | |
| Magic Sentry | 1 | |
| Swords | 3 | |
| Armor | 2 | |
| Animal War Training | 1 | |
| Storm Hammers | 1 | |
10 total
» buildings
| Altar of Kings | 1 | |
| Barracks | 1 | |
| Farm | 6 | |
| Arcane Vault | 4 | |
| Keep | 1 | |
| Town Hall | 3 | |
| Lumber Mill | 2 | |
| Scout Tower | 35 | |
| Arcane Tower | 2 | |
| Guard Tower | 8 | |
| Castle | 1 | |
| Gryphon Aviary | 4 | |
| Arcane Sanctum | 1 | |
| Blacksmith | 3 | |
72 total
» build order
00:35 Altar of Kings
00:37 Barracks
00:50 Farm
00:51 Farm
01:04 Farm
01:33 Farm
03:26 Arcane Vault
04:12 Keep
04:57 Town Hall
05:09 Lumber Mill
05:18 Scout Tower
05:20 Scout Tower
05:41 Scout Tower
05:43 Scout Tower
06:17 Arcane Tower
06:18 Guard Tower
06:40 Guard Tower
06:41 Guard Tower
07:05 Scout Tower
07:06 Scout Tower
07:42 Castle
07:46 Arcane Tower
07:49 Scout Tower
09:39 Guard Tower
10:46 Scout Tower
10:48 Scout Tower
10:48 Scout Tower
10:50 Scout Tower
11:00 Scout Tower
11:00 Scout Tower
11:01 Scout Tower
11:01 Scout Tower
11:06 Scout Tower
11:21 Guard Tower
12:34 Guard Tower
12:42 Gryphon Aviary
12:42 Gryphon Aviary
12:43 Gryphon Aviary
12:43 Gryphon Aviary
13:12 Arcane Sanctum
13:15 Blacksmith
13:18 Farm
13:21 Blacksmith
13:23 Blacksmith
14:03 Arcane Vault
17:19 Scout Tower
17:19 Scout Tower
17:24 Scout Tower
17:32 Scout Tower
17:33 Scout Tower
17:33 Scout Tower
17:34 Scout Tower
17:34 Scout Tower
17:35 Scout Tower
18:46 Guard Tower
19:30 Guard Tower
27:05 Town Hall
29:42 Arcane Vault
31:47 Farm
32:10 Town Hall
32:13 Scout Tower
32:14 Scout Tower
32:15 Scout Tower
32:16 Scout Tower
32:18 Scout Tower
32:18 Scout Tower
32:26 Scout Tower
32:27 Scout Tower
32:28 Scout Tower
32:43 Arcane Vault
33:03 Lumber Mill
» items
| Scroll of Regeneration | 5 | |
| Mechanical Critter | 1 | |
| Potion of Healing | 7 | |
| Scroll of Town Portal | 7 | |
| Lesser Clarity Potion | 1 | |
| Orb of Corruption | 1 | |
22 total

»
BillAckman (
yellow | 27 APM | 933 actions | 34:12)
7 Death Knight
3 Death Coil
3 Unholy Aura
1 Animate Dead
3 Crypt Lord
2 Carrion Beetles
1 Impale
» actions
| Assign group hotkey | 16 | |
| Build / train | 91 | |
| ESC pressed | 3 | |
| Enter build submenu | 25 | |
| Enter hero's abilities submenu | 11 | |
| Remove unit from queue | 1 | |
| Right click | 421 | |
| Select / deselect | 250 | |
| Select group hotkey | 49 | |
| Use ability | 66 | |
933 total
» units
| Acolyte | 12 | |
| Ghoul | 15 | |
| Crypt Fiend | 11 | |
| Frost Wyrm | 11 | |
49 total
» upgrades
| Creature Attack | 3 | |
| Web | 1 | |
| Creature Carapace | 2 | |
| Freezing Breath | 1 | |
7 total
» buildings
| Altar of Darkness | 1 | |
| Ziggurat | 14 | |
| Crypt | 1 | |
| Graveyard | 1 | |
| Tomb of Relics | 1 | |
| Nerubian Tower | 1 | |
| Halls of the Dead | 1 | |
| Spirit Tower | 5 | |
| Black Citadel | 1 | |
| Sacrificial Pit | 1 | |
| Boneyard | 3 | |
30 total
» build order
00:18 Altar of Darkness
00:19 Ziggurat
00:35 Crypt
00:55 Ziggurat
01:17 Graveyard
01:59 Ziggurat
02:45 Tomb of Relics
06:08 Ziggurat
06:22 Nerubian Tower
07:03 Ziggurat
07:05 Ziggurat
07:23 Halls of the Dead
07:34 Ziggurat
07:36 Ziggurat
07:38 Ziggurat
08:01 Ziggurat
08:12 Spirit Tower
08:17 Ziggurat
08:31 Spirit Tower
08:32 Spirit Tower
09:46 Black Citadel
10:05 Sacrificial Pit
12:12 Boneyard
12:16 Boneyard
12:20 Boneyard
13:53 Spirit Tower
15:33 Ziggurat
15:40 Ziggurat
15:42 Ziggurat
16:57 Spirit Tower
» items
| Potion of Healing | 5 | |
| Scroll of Town Portal | 4 | |
| Dust of Appearance | 1 | |
| Orb of Corruption | 1 | |
| Scroll of Healing | 1 | |
| Potion of Mana | 1 | |
13 total
Bl4cKOuT (
red | 31 APM | 324 actions | 10:30)
1 Blood Mage
1 Flame Strike
» actions
| Assign group hotkey | 1 | |
| Build / train | 29 | |
| Enter build submenu | 11 | |
| Enter hero's abilities submenu | 1 | |
| Right click | 180 | |
| Select / deselect | 86 | |
| Use ability | 16 | |
324 total
» units
| Peasant | 15 | |
| Footman | 6 | |
| Rifleman | 4 | |
25 total
» upgrades
» buildings
| Farm | 7 | |
| Altar of Kings | 1 | |
| Barracks | 1 | |
| Lumber Mill | 1 | |
| Blacksmith | 1 | |
| Keep | 1 | |
12 total
» build order
01:17 Farm
01:25 Farm
01:38 Altar of Kings
01:50 Barracks
02:34 Lumber Mill
02:38 Farm
02:56 Farm
03:42 Farm
04:19 Farm
04:41 Blacksmith
05:02 Farm
07:05 Keep
team 2 (loser)

»
The-Boss- (
teal | 89 APM | 3049 actions | 34:12)
6 Blademaster
3 Wind Walk
2 Critical Strike
1 Bladestorm
6 Shadow Hunter
2 Hex
3 Healing Wave
1 Big Bad Voodoo
» actions
| Assign group hotkey | 81 | |
| Basic commands | 22 | |
| Build / train | 61 | |
| Enter build submenu | 19 | |
| Enter hero's abilities submenu | 13 | |
| Give item / drop item | 3 | |
| Right click | 1138 | |
| Select / deselect | 512 | |
| Select group hotkey | 1098 | |
| Use ability | 102 | |
3049 total
» units
| Peon | 9 | |
| Grunt | 5 | |
| Troll Witch Doctor | 5 | |
| Tauren | 4 | |
| Demolisher | 2 | |
| Hippogryph | 1 | |
| Dryad | 1 | |
27 total
» upgrades
| Witch Doctor Training | 2 | |
| Armor | 1 | |
| Berserker Strength | 1 | |
| Reinforced Defenses | 1 | |
| Burning Oil | 1 | |
| Pulverize | 1 | |
7 total
» buildings
| Altar of Storms | 1 | |
| Orc Burrow | 7 | |
| Barracks | 1 | |
| Voodoo Lounge | 1 | |
| Stronghold | 1 | |
| War Mill | 2 | |
| Spirit Lodge | 1 | |
| Fortress | 1 | |
| Watch Tower | 2 | |
| Tauren Totem | 2 | |
19 total
» build order
00:08 Altar of Storms
00:22 Orc Burrow
00:36 Barracks
01:30 Voodoo Lounge
01:49 Orc Burrow
02:56 Stronghold
03:32 War Mill
04:17 Orc Burrow
05:56 Spirit Lodge
06:34 Fortress
06:38 Watch Tower
08:26 Orc Burrow
08:58 Tauren Totem
09:00 Tauren Totem
11:32 Orc Burrow
12:22 War Mill
13:36 Orc Burrow
15:31 Watch Tower
17:20 Orc Burrow
» items
| Healing Salve | 2 | |
| Lesser Clarity Potion | 2 | |
| Potion of Healing | 1 | |
| Orb of Lightning | 1 | |
| Scroll of Town Portal | 1 | |
7 total

»
mattND54 (
green | 35 APM | 1201 actions | 34:11)
5 Blademaster
3 Wind Walk
2 Critical Strike
2 Keeper of the Grove
2 Force of Nature
» actions
| Assign group hotkey | 19 | |
| Basic commands | 28 | |
| Build / train | 91 | |
| Enter build submenu | 23 | |
| Enter hero's abilities submenu | 7 | |
| Remove unit from queue | 6 | |
| Right click | 528 | |
| Select / deselect | 326 | |
| Select group hotkey | 122 | |
| Use ability | 51 | |
1201 total
» units
| Peon | 13 | |
| Grunt | 8 | |
| Troll Headhunter/Berserker | 3 | |
| Wind Rider | 24 | |
| Dryad | 7 | |
| Druid of the Claw | 3 | |
| Wisp | 1 | |
59 total
» upgrades
| Melee Weapons | 2 | |
| Armor | 3 | |
| Berserker Strength | 1 | |
| Ranged Weapons | 3 | |
| Envenomed Spears | 1 | |
10 total
» buildings
| Orc Burrow | 8 | |
| Altar of Storms | 2 | |
| Barracks | 2 | |
| Voodoo Lounge | 1 | |
| War Mill | 2 | |
| Stronghold | 1 | |
| Fortress | 1 | |
| Great Hall | 1 | |
| Beastiary | 2 | |
20 total
» build order
00:22 Orc Burrow
00:24 Altar of Storms
00:39 Barracks
01:33 Orc Burrow
02:53 Voodoo Lounge
03:28 Orc Burrow
04:19 War Mill
04:55 Barracks
04:56 Stronghold
06:51 Orc Burrow
07:29 Fortress
07:47 Great Hall
10:28 Beastiary
10:36 Beastiary
14:18 Orc Burrow
14:24 War Mill
16:41 Orc Burrow
19:34 Orc Burrow
26:51 Altar of Storms
26:55 Orc Burrow
» items
| Healing Salve | 3 | |
| Scroll of Speed | 1 | |
| Orb of Lightning | 1 | |
| Scroll of Town Portal | 3 | |
8 total

»
boom-boom (
blue | 50 APM | 1152 actions | 23:04)
6 Keeper of the Grove
2 Force of Nature
3 Entangling Roots
1 Tranquility
» actions
| Basic commands | 1 | |
| Build / train | 87 | |
| Enter build submenu | 17 | |
| Enter hero's abilities submenu | 6 | |
| Remove unit from queue | 7 | |
| Right click | 578 | |
| Select / deselect | 402 | |
| Use ability | 54 | |
1152 total
» units
| Wisp | 18 | |
| Dryad | 12 | |
| Druid of the Claw | 1 | |
| Hippogryph | 18 | |
| Goblin Shredder | 1 | |
| Chimaera | 7 | |
57 total
» upgrades
| Strength of the Wild | 3 | |
| Abolish Magic | 1 | |
| Druid of the Claw Training | 2 | |
| Reinforced Hides | 3 | |
| Mark of the Claw | 1 | |
| Corrosive Breath | 1 | |
11 total
» buildings
| Moon Well | 7 | |
| Tree of Ages | 1 | |
| Altar of Elders | 1 | |
| Hunter's Hall | 1 | |
| Ancient of Lore | 2 | |
| Tree of Life | 2 | |
| Ancient of Wonders | 1 | |
| Tree of Eternity | 1 | |
| Ancient of Wind | 1 | |
| Chimaera Roost | 2 | |
19 total
» build order
00:51 Moon Well
01:28 Tree of Ages
01:38 Altar of Elders
02:54 Hunter's Hall
03:00 Moon Well
03:59 Ancient of Lore
04:02 Ancient of Lore
04:15 Moon Well
05:31 Moon Well
07:02 Tree of Life
07:25 Ancient of Wonders
07:41 Tree of Eternity
08:19 Moon Well
10:12 Ancient of Wind
12:52 Moon Well
13:11 Chimaera Roost
13:12 Chimaera Roost
13:28 Tree of Life
15:07 Moon Well
» items
| Orb of Venom | 1 | |
| Scroll of Town Portal | 1 | |
2 total

»
Casturiam (
purple | 92 APM | 3133 actions | 34:01)
5 Mountain King
3 Storm Bolt
2 Bash
1 Keeper of the Grove
1 Thorns Aura
» actions
| Assign group hotkey | 9 | |
| Basic commands | 6 | |
| Build / train | 67 | |
| Enter build submenu | 36 | |
| Enter hero's abilities submenu | 6 | |
| Give item / drop item | 1 | |
| Right click | 2244 | |
| Select / deselect | 404 | |
| Select group hotkey | 267 | |
| Use ability | 93 | |
3133 total
» units
| Peasant | 23 | |
| Footman | 2 | |
| Rifleman | 5 | |
| Goblin Zeppelin | 1 | |
| Siege Engine | 5 | |
| Goblin Shredder | 1 | |
| Mortar Team | 4 | |
41 total
» upgrades
| Gunpowder | 3 | |
| Barrage | 1 | |
| Plating | 1 | |
| Masonry | 1 | |
6 total
» buildings
| Altar of Kings | 1 | |
| Farm | 21 | |
| Blacksmith | 1 | |
| Barracks | 1 | |
| Arcane Vault | 1 | |
| Lumber Mill | 1 | |
| Scout Tower | 15 | |
| Keep | 1 | |
| Guard Tower | 4 | |
| Castle | 1 | |
| Workshop | 5 | |
| Town Hall | 2 | |
| Cannon Tower | 2 | |
| Tree of Life | 1 | |
57 total
» build order
00:15 Altar of Kings
00:18 Farm
00:30 Blacksmith
01:48 Barracks
02:04 Farm
02:33 Arcane Vault
02:36 Farm
02:37 Farm
02:47 Farm
03:12 Farm
03:29 Lumber Mill
03:36 Scout Tower
03:37 Scout Tower
03:50 Farm
03:58 Farm
04:19 Farm
05:29 Farm
05:36 Keep
06:16 Guard Tower
08:16 Farm
08:17 Farm
08:20 Scout Tower
09:01 Castle
09:07 Workshop
09:08 Workshop
09:23 Workshop
09:26 Guard Tower
09:30 Workshop
10:44 Scout Tower
11:12 Farm
11:14 Farm
12:28 Guard Tower
12:34 Workshop
12:48 Scout Tower
13:20 Guard Tower
13:28 Farm
13:59 Town Hall
14:02 Scout Tower
14:04 Scout Tower
14:05 Scout Tower
15:20 Farm
16:14 Farm
17:31 Scout Tower
17:32 Scout Tower
17:33 Scout Tower
17:34 Scout Tower
17:36 Scout Tower
18:10 Cannon Tower
20:43 Cannon Tower
20:48 Farm
20:49 Farm
20:49 Farm
20:50 Farm
23:33 Scout Tower
23:33 Scout Tower
27:21 Tree of Life
28:19 Town Hall
» items
| Dust of Appearance | 1 | |
| Orb of Lightning | 1 | |
| Tiny Great Hall | 1 | |
| Healing Salve | 1 | |
4 total
Chat log
(00:14 / All) BillAckman: green were we on the same team last game?
(00:37 / Allies) SWEATYBUMJUICE: thats unfortunate
(00:41 / All) The-Boss-: gl
(00:44 / Allies) BillAckman: we have a chance
(01:00 / Allies) RicFlair: if one of them has a stroke and dies we got dis
(01:22 / Allies) SWEATYBUMJUICE: and they could always start arguing with eachtother voer mines
(01:23 / Allies) BillAckman: they could suck
(01:28 / Allies) BillAckman: red is back
(02:14 / Allies) BillAckman: pink can you help me try to expo
(02:25 / Allies) BillAckman: or anyone
(02:26 / Allies) RicFlair: I'm gonna take an island first
(02:31 / Allies) BillAckman: k
(03:18 / Allies) BillAckman: oj u takin this?
(03:23 / Allies) SWEATYBUMJUICE: yes
(03:25 / Allies) BillAckman: nice
(03:32 / Allies) SWEATYBUMJUICE: hwlp cleaer
(03:41 / Allies) BillAckman: in a sec
(05:53 / Allies) BillAckman: pink
(05:57 / Allies) BillAckman: can you tower me a bit?
(07:09 / Allies) RicFlair: red that hurts your troops
(07:22 / All) RicFlair: goddamnit
(08:50 / Allies) BillAckman: red
(08:52 / Allies) BillAckman: u kill ur army
(08:59 / Allies) RicFlair: I told him that
(09:04 / Allies) RicFlair: area of effect hurts your own shit
(09:26 / Allies) BillAckman: wtf
(09:27 / Allies) RicFlair: STOP RETARD
(09:31 / All) boom-boom: i see
(09:31 / Allies) RicFlair: STOP FLAMING YOUR OWN SHIT
(09:31 / All) boom-boom: u
(09:47 / All) RicFlair: red is worst player ever
(09:47 / Allies) SWEATYBUMJUICE: he raninto i
(09:55 / Allies) SWEATYBUMJUICE: he ran into it
(10:33 / All) boom-boom: gg
(10:34 / All) boom-boom: noobies
(10:35 / Allies) BillAckman: someone take him
(10:36 / Allies) BillAckman: we're fine
(11:09 / Allies) BillAckman: should we ujust let it go?
(11:12 / Allies) RicFlair: yes
(11:41 / Allies) BillAckman: he was so bad
(11:45 / Allies) BillAckman: we're fine
(13:43 / Allies) RicFlair: buy tps
(13:46 / Allies) SWEATYBUMJUICE: get wryms
(14:00 / Allies) BillAckman: someone tp
(14:31 / Allies) BillAckman: pink
(14:33 / Allies) BillAckman: a lot of gold
(15:29 / Allies) RicFlair: esay base
(15:36 / Allies) BillAckman: meet
(16:42 / All) RicFlair: fuck
(16:49 / All) boom-boom: bey bye
(16:57 / All) RicFlair: don't get cocky you retarded piece of shit
(17:09 / Allies) RicFlair: guys!
(17:10 / Allies) RicFlair: get the expo
(17:12 / Allies) RicFlair: go go do something
(17:26 / All) boom-boom: go
(17:30 / All) BillAckman: idiot
(18:00 / All) boom-boom: its cute that u thnk u won
(18:08 / All) RicFlair: You're such a faggot
(18:12 / All) BillAckman: you suck
(18:13 / All) RicFlair: you aren't even 50%
(18:18 / All) RicFlair: we had the worst player ever
(18:22 / All) RicFlair: flamestrikes his own shit and allies
(18:24 / All) boom-boom: yup i suck lmfao
(18:28 / All) boom-boom: lvl 6 hero
(18:33 / All) RicFlair: And?
(18:34 / All) boom-boom: with 4 frost anad a couple of fends
(18:35 / All) boom-boom: lmfao
(18:38 / All) RicFlair: You aren't even 50%
(18:39 / All) boom-boom: lvl 4****
(18:40 / All) boom-boom: lfao
(18:43 / All) boom-boom: u noobs r mad
(18:46 / All) boom-boom: u lost
(18:51 / All) RicFlair: you only talk shit when you're winning
(18:58 / All) boom-boom: u lost to a 50% player
(19:00 / All) boom-boom: how u feel noob?
(19:07 / All) RicFlair: It's 4v4 you moron
(19:14 / All) boom-boom: owned u noob
(19:20 / All) RicFlair: You are a moron
(19:25 / All) boom-boom: OWNED
(19:26 / All) boom-boom: NOOOB
(19:33 / All) RicFlair: you're the noob
(19:38 / All) RicFlair: 65-67 pathetic
(19:45 / All) boom-boom: u lose to me noob
(19:50 / Allies) SWEATYBUMJUICE: i have no tp
(19:55 / Allies) BillAckman: same
(20:04 / All) RicFlair: IT IS 4v4 RANDOM TEAM
(20:10 / Allies) SWEATYBUMJUICE: yellow protect me
(20:13 / All) RicFlair: UI didn't lose solo to you moron
(20:14 / All) boom-boom: owned noob u mad?
(20:26 / All) boom-boom: mad noob
(20:36 / All) boom-boom: pls leave noob
(20:51 / Allies) BillAckman: go hit
(21:01 / Allies) BillAckman: i go get tps
(21:20 / All) RicFlair: I tk and rape blue every chance I get from now on
(21:22 / All) RicFlair: scrub
(21:41 / All) boom-boom: lmfao u tk
(21:44 / All) boom-boom: and then u run lmfao
(21:46 / All) boom-boom: pussy noob
(21:52 / All) boom-boom: ur so funny
(21:53 / All) RicFlair: you don't even know what tk is
(22:06 / All) boom-boom: this funny noob
(22:51 / All) BillAckman: LOL
(22:52 / All) RicFlair: LKOL
(22:53 / All) RicFlair: LOL
(24:13 / Allies) BillAckman: help oj
(24:52 / Allies) BillAckman: get that main
(25:43 / Allies) RicFlair: orange got a tp?
(25:47 / Allies) RicFlair: go out
(25:48 / Allies) SWEATYBUMJUICE: protect me yellow
(25:50 / Allies) RicFlair: just retarea
(25:51 / Allies) SWEATYBUMJUICE: where are you
(25:52 / Allies) RicFlair: retreat
(25:54 / Allies) BillAckman: dude
(25:56 / Allies) BillAckman: get back
(26:09 / Allies) SWEATYBUMJUICE: i told you i have no tp
(26:14 / Allies) RicFlair: should ahve went and boiught one dude
(26:15 / Allies) BillAckman: you should always have 1
(26:55 / Allies) RicFlair: need shit to kill dryad
(27:16 / Allies) RicFlair: get purp expo next
(28:16 / Allies) BillAckman: let it go
(28:29 / Allies) RicFlair: don't engage tehir st uff
(29:00 / Allies) BillAckman: oj
(29:03 / Allies) BillAckman: we dont need copters
(29:30 / Allies) RicFlair: don't engage
(29:33 / Allies) RicFlair: pit
(29:34 / Allies) RicFlair: out
(29:34 / Allies) RicFlair: out
(29:35 / Allies) RicFlair: out
(29:35 / Allies) RicFlair: out
(29:36 / Allies) RicFlair: out
(29:37 / Allies) RicFlair: out
(29:52 / Allies) RicFlair: well
(29:54 / Allies) RicFlair: shows what I know
(30:17 / All) RicFlair: LOL
(30:21 / All) BillAckman: NOOB CITY
(30:24 / All) RicFlair: You are fucking retarded blue
(30:34 / All) RicFlair: all that shit talk
(30:45 / All) RicFlair: couldnb't win 3v4 and then 2v4
(31:10 / All) BillAckman: YOU SUCK
(31:12 / All) BillAckman: SO MUCH
(31:19 / All) RicFlair: YOU LOSE TO ME NOOB
(31:20 / All) RicFlair: LOL
(31:42 / Allies) BillAckman: oj
(31:44 / Allies) BillAckman: make units
(31:55 / Allies) SWEATYBUMJUICE: working on it now
(33:01 / Allies) BillAckman: pink
(33:04 / Allies) BillAckman: can you get melee?
(33:08 / Allies) RicFlair: eventually
(33:10 / Allies) SWEATYBUMJUICE: im going to fuck you up blue
(33:23 / Allies) BillAckman: these copters suck
(33:36 / All) RicFlair: RUN FORREST
(33:36 / All) RicFlair: RUN
(34:05 / All) BillAckman: now is when you leave
(34:06 / All) BillAckman: NOOBS